 Dungeon Crawl Stone Soup version 0.17.0-27-g4a3f43e (webtiles) character file.

20561 oplop the Nimble (level 12, -8/98 HPs)
             Began as an Octopode Transmuter on Nov 22, 2015.
             Was a High Priest of Cheibriados.
             Mangled by a seven-headed hydra (13 damage)
             ... on level 3 of the Lair of Beasts.
             The game lasted 00:38:34 (16050 turns).

oplop the Nimble (Octopode Transmuter)             Turns: 16050, Time: 00:38:34

Health: -8/98      AC:  8    Str: 27    XL:     12   Next: 80%
Magic:  19/24      EV: 19    Int: 31    God:    Cheibriados [*****.]
Gold:   698        SH:  0    Dex: 24    Spells: 6 memorised, 6 levels left

rFire  x . .     SeeInvis +       - Unarmed
rCold  + + +     Rnd*Rage +     (shield currently unavailable)
rNeg   + + +     SustAt   .     (helmet currently unavailable)
rPois  +         Gourm    .     B - amulet of warding
rElec  .         Spirit   .     m - ring of protection from cold
rCorr  .         Warding  +     w - ring of wizardry
rMut   .         Stasis   .     u - +4 ring of strength
MR     .....                    x - ring of positive energy
Stlth  +++.......               L - ring of see invisible
                                g - ring of positive energy
                                (no ring)
                                (no ring)

@: lethally poisoned (-8 -> -10), ice-form, very slow, not resistant to hostile
enchantments, fairly stealthy
A: almost no armour, amphibious, 8 rings, (constrict 8), (camouflage 0), berserk
1, (gelatinous body 0)
a: End Transformation, Bend Time, Temporal Distortion, Slouch, Step From Time,
Renounce Religion


You were on level 3 of the Lair of Beasts.
You worshipped Cheibriados.
Cheibriados was extremely pleased with you.
You were hungry.
You were a creature of crystalline ice.
You visited 2 branches of the dungeon, and saw 15 of its levels.
You also visited: Ossuary.

You collected 863 gold pieces.
You spent 165 gold pieces at shops.

Inventory:

Hand Weapons
 F - a +0 blowgun
Missiles
 I - 4 curare-tipped needles
 P - 21 poisoned needles
Jewellery
 g - a ring of positive energy (on tentacle)
 m - a ring of protection from cold (left front paw)
 t - an uncursed ring of protection from fire {unknown}
 u - a +4 ring of strength (on tentacle)
 w - a ring of wizardry (right front paw)
 x - a ring of positive energy (on tentacle)
 B - an amulet of warding (around neck)
 L - a ring of see invisible (on tentacle)
Wands
 i - a wand of frost (22)
 v - a wand of flame (21)
 z - a wand of magic darts (42)
 G - a wand of slowing (24)
 M - a wand of paralysis (4)
 Q - a wand of frost (8)
Scrolls
 b - 2 scrolls of enchant armour
 d - 3 scrolls of amnesia
 e - 3 scrolls of enchant weapon
 j - 9 scrolls of remove curse
 l - a scroll of immolation
 n - a scroll of recharging
 p - 2 scrolls of teleportation
 y - 3 scrolls of blinking
 C - a scroll of magic mapping
 E - a scroll of fog
 O - 2 scrolls of identify
Potions
 a - 2 potions of haste {unknown}
 h - 2 potions of brilliance
 k - 5 potions of curing
 o - a potion of magic
 q - 2 potions of agility
 r - 5 potions of might
 s - a potion of lignification {unknown}
 A - 2 potions of flight
 D - 2 potions of heal wounds
 S - a potion of cancellation
Comestibles
 c - 8 bread rations
 f - 13 meat rations
 H - a beef jerky


   Skills:
 + Level 7.9 Fighting
 + Level 9.6 Dodging
 - Level 4.0 Stealth
 + Level 9.2 Unarmed Combat
 - Level 8.3 Spellcasting
 - Level 8.2 Transmutations
 - Level 2.4 Ice Magic
 - Level 3.2 Poison Magic
 + Level 8.0 Invocations


You had 6 spell levels left.
You knew the following spells:

 Your Spells              Type           Power        Failure   Level  Hunger
a - Beastly Appendage     Trmt           ######       1%          1    None
b - Sticks to Snakes      Trmt           ######....   1%          2    None
c - Spider Form           Trmt/Pois      #####.....   1%          3    None
d - Ice Form              Ice/Trmt       #####...     2%          4    None
e - Blade Hands           Trmt           ######....   1%          5    ####...
f - Deflect Missiles      Chrm/Air       ##........   99%         6    #####..


Dungeon Overview and Level Annotations

Branches:
Dungeon (12/15)            Temple (0/1) D:5            Lair (3/8) D:10
  Swamp: Lair:3-6    Shoals: Lair:3-6     Snake: Lair:3-6    Spider: Lair:3-6
    Orc: D:9-12

Altars:
Ashenzari
Cheibriados
Elyvilon
Fedhas
Gozag
Kikubaaqudgha
Makhleb
Nemelex Xobeh
Okawaru
Qazlal
Ru
Trog
Vehumet
Yredelemnul
Zin
The Shining One

Shops:
D:8 =

Annotations:
D:9 exclusion: hill giant
Lair:2 Urug


Innate Abilities, Weirdness & Mutations

You cannot wear most types of armour.
You are amphibious.
You can wear up to eight rings at the same time.
((You can use your tentacles to constrict eight enemies at once.))
((Your skin changes colour to match your surroundings (Stealth).))
((Your rubbery body absorbs attacks (AC +1).))
You tend to lose your temper in combat.


Message History

The seven-headed hydra is severely wounded.
The water moccasin completely misses you.
The seven-headed hydra completely misses you.
The seven-headed hydra bites you!
The seven-headed hydra bites you but does no damage.
The seven-headed hydra completely misses you.
The seven-headed hydra bites you! x2
* * * LOW HITPOINT WARNING * * *
The seven-headed hydra misses you.
You punch the seven-headed hydra! You freeze the seven-headed hydra.
The seven-headed hydra seems to slow down.
The seven-headed hydra is severely wounded.
You feel sick. The water moccasin bites you.
* * * LOW HITPOINT WARNING * * *
The seven-headed hydra bites you.
* * * LOW HITPOINT WARNING * * *
The seven-headed hydra bites you!
* * * LOW HITPOINT WARNING * * *
The seven-headed hydra bites you!
You die...

......... ........
............. ##.......
............. ........P
#..P..........
........###.P#P.........
#........#...#.........#
.#...S..#.....#.........
.P.....S##...#..........
..P...DY......#.....รท...
#[.......#............#.
##......###.##........P.
.........##..##.........
........................
........................
#.#.####..########..####
#### #### ##.# # ### #


You could see a seven-headed hydra and 2 water moccasins.

Vanquished Creatures
  Maud (D:10)
  Josephine (D:10)
  Harold (D:10)
  2 hydras
  Erica (D:10)
  Sonja (D:11)
  An unseen horror (D:12)
  A hill giant (D:11)
  An ugly thing (D:11)
  The ghost of oplop the Changer, a novice OpTm (D:7)
  A spiny frog (Lair:1)
  4 blink frogs
  10 yaks
  Sigmund (D:3)
  2 hippogriffs (D:12)
  7 wraiths
  2 deep elf magi
  Grum (D:9)
  3 hungry ghosts
  Menkaure (D:6)
  3 wolves (D:9)
  4 phantoms
  5 water moccasins
  6 porcupines
  2 ice beasts
  3 sky beasts
  3 orc warriors
  A black bear (D:7)
  8 centaurs
  A wasp (D:10)
  5 ogres
  6 crocodiles
  4 big kobolds
  16 giant frogs
  2 wyvern skeletons
  6 scorpions
  4 killer bees (D:11)
  7 wights
  A jelly (D:11)
  A troll skeleton (D:7)
  9 crimson imps
  A giant frog zombie (D:6)
  6 human zombies (D:7)
  7 orc priests
  9 hounds
  A centaur skeleton (D:9)
  4 iguanas
  6 orc wizards
  6 giant frog skeletons
  2 hell rats (D:10)
  10 worker ants
  A big kobold zombie (Ossuary)
  2 sheep (D:8)
  2 hound skeletons
  A hound zombie (D:8)
  4 mummies
  A worker ant zombie (D:5)
  2 river rats (D:10)
  A gnoll (D:7)
  15 adders
  A shadow imp (D:8)
  3 oozes
  2 adder zombies
  2 adder skeletons
  4 worms
  7 giant geckos
  36 orcs
  10 bats
  7 goblins
  9 hobgoblins
  8 jackals
  13 kobolds
  8 quokkas
  A ball python (D:8)
  10 giant cockroaches
  4 giant newts
  3 gnoll zombies (Ossuary)
  A goblin zombie (D:8)
  8 hobgoblin zombies
  2 kobold zombies (Ossuary)
  6 orc zombies
  A quokka skeleton (D:11)
  A quokka zombie (D:8)
  6 rats
374 creatures vanquished.

Vanquished Creatures (collateral kills)
  An orc (D:3)
1 creature vanquished.

Grand Total: 375 creatures vanquished

Notes
Turn   | Place    | Note
--------------------------------------------------------------
     0 | D:1      | oplop the Octopode Transmuter began the quest for the Orb.
     0 | D:1      | Reached XP level 1. HP: 13/13 MP: 3/3
   335 | D:1      | Reached XP level 2. HP: 16/18 MP: 5/5
   607 | D:2      | Found an ancient bone altar of Kikubaaqudgha.
   656 | D:2      | Reached XP level 3. HP: 21/23 MP: 5/7
  1144 | D:2      | Reached XP level 4. HP: 19/28 MP: 6/8
  1665 | D:3      | Learned a level 2 spell: Sticks to Snakes
  1669 | D:3      | Learned a level 3 spell: Spider Form
  1738 | D:3      | Found a glowing golden altar of the Shining One.
  1879 | D:3      | Noticed Sigmund
  1903 | D:3      | Killed Sigmund
  1903 | D:3      | Reached skill level 4 in Transmutations
  1903 | D:3      | Reached XP level 5. HP: 22/33 MP: 8/10
  1903 | D:3      | Reached XP level 6. HP: 25/38 MP: 8/11
  2950 | D:4      | Learned a level 4 spell: Ice Form
  2964 | D:4      | Found an opulent altar of Gozag.
  2964 | D:4      | Found a sparkling altar of Nemelex Xobeh.
  3397 | D:4      | Reached XP level 7. HP: 28/43 MP: 13/13
  3445 | D:4      | Reached skill level 1 in Ice Magic
  4062 | D:4      | Reached skill level 5 in Transmutations
  4316 | D:4      | Reached XP level 8. HP: 49/51 MP: 15/15
  4497 | D:5      | Entered Level 5 of the Dungeon
  4750 | D:5      | Found a radiant altar of Vehumet.
  4809 | D:5      | Found a staircase to the Ecumenical Temple.
  5019 | D:5      | Reached skill level 5 in Spellcasting
  5194 | D:5      | Found a sacrificial altar of Ru.
  5292 | D:5      | Found a glowing silver altar of Zin.
  5706 | D:6      | Noticed Menkaure
  5873 | D:6      | Reached skill level 6 in Transmutations
  5877 | D:6      | Reached XP level 9. HP: 34/58 MP: 15/17
  6560 | D:6      | Reached skill level 5 in Dodging
  6635 | D:6      | Killed Menkaure
  6998 | D:7      | Found a shattered altar of Ashenzari.
  7000 | D:7      | Noticed oplop's ghost (novice OpTm)
  7032 | D:7      | Killed oplop's ghost
  7032 | D:7      | Reached skill level 5 in Fighting
  7032 | D:7      | Reached skill level 5 in Unarmed Combat
  7556 | D:7      | Reached skill level 7 in Transmutations
  7556 | D:7      | Reached XP level 10. HP: 66/66 MP: 15/19
  7587 | D:7      | Found a basalt altar of Yredelemnul.
  8065 | D:7      | Found a snail-covered altar of Cheibriados.
  8127 | D:7      | Learned a level 5 spell: Blade Hands
  8134 | D:7      | Learned a level 6 spell: Deflect Missiles
  8202 | D:7      | Became a worshipper of Cheibriados the Contemplative
  8242 | D:8      | Gained mutation: Your spells are a little harder to cast, but a little more powerful. [potion of mutation]
  8242 | D:8      | Gained mutation: You tend to lose your temper in combat. [potion of mutation]
  8242 | D:8      | Lost mutation: Your spells are a little harder to cast, but a little more powerful. [potion of mutation]
  8300 | D:8      | Found a blossoming altar of Fedhas.
  8393 | D:8      | Found an iron altar of Okawaru.
  8454 | D:8      | Reached skill level 1 in Invocations
  8462 | D:8      | Found a sand-covered staircase.
  8578 | Ossuary  | Entered an ossuary
  8694 | Ossuary  | Reached * piety under Cheibriados
  8887 | D:8      | Found Xoypp's Jewellery Boutique.
  8897 | D:8      | Bought an uncursed ring of see invisible for 165 gold pieces
  8957 | D:8      | Found a sparkling altar of Nemelex Xobeh.
  9226 | D:8      | Found a stormy altar of Qazlal.
  9226 | D:8      | Found a bloodstained altar of Trog.
  9366 | D:8      | Reached ** piety under Cheibriados
  9502 | D:8      | Noticed a three-headed hydra
  9910 | D:8      | Killed a three-headed hydra
 10080 | D:9      | Reached skill level 8 in Transmutations
 10080 | D:9      | Reached XP level 11. HP: 65/74 MP: 16/22
 10168 | D:9      | Noticed a hill giant
 10189 | D:9      | Noticed Grum
 10197 | D:9      | Killed Grum
 10819 | D:9      | Reached *** piety under Cheibriados
 11173 | D:10     | Entered Level 10 of the Dungeon
 11176 | D:10     | Noticed Erica
 11186 | D:10     | Noticed Josephine
 11187 | D:10     | Found a staircase to the Lair.
 11284 | D:11     | Noticed Sonja
 11305 | D:11     | Killed Sonja
 11762 | D:11     | Noticed a hill giant
 11768 | D:11     | Killed a hill giant
 12134 | D:11     | Found a burning altar of Makhleb.
 12408 | D:11     | Reached skill level 1 in Stealth
 12415 | D:11     | Reached skill level 5 in Invocations
 12798 | D:12     | Noticed an unseen horror
 12911 | D:10     | Identified the Grimoire of Floating Damage Dealing
 12942 | D:10     | Noticed Harold
 12944 | D:10     | Killed Josephine
 12945 | D:10     | Reached **** piety under Cheibriados
 12953 | D:10     | Killed Harold
 12953 | D:10     | Reached XP level 12. HP: 39/81 MP: 20/24
 12981 | D:10     | Noticed Maud
 13235 | D:10     | Killed Erica
 13243 | D:10     | Found a white marble altar of Elyvilon.
 13418 | D:10     | Killed Maud
 13601 | D:10     | Reached skill level 9 in Dodging
 13959 | D:12     | Killed an unseen horror
 14311 | Lair:1   | Entered Level 1 of the Lair of Beasts
 14336 | Lair:1   | Noticed a five-headed hydra
 14345 | Lair:1   | Killed a five-headed hydra
 15294 | Lair:2   | Reached ***** piety under Cheibriados
 15504 | Lair:2   | Noticed Urug
 16033 | Lair:3   | Noticed a seven-headed hydra
 16050 | Lair:3   | Mangled by a seven-headed hydra

Action                   |  1- 3 |  4- 6 |  7- 9 | 10-12 || total
-------------------------+-------+-------+-------+-------++-------
Melee: Unarmed           |    62 |   127 |   359 |   572 ||  1120
 Fire: Blowgun           |       |       |       |     7 ||     7
 Cast: Beastly Appendage |    10 |     6 |     8 |       ||    24
       Spider Form       |       |     7 |    15 |    10 ||    32
       Sticks to Snakes  |       |     1 |     2 |     1 ||     4
       Ice Form          |       |       |    11 |    23 ||    34
       Blade Hands       |       |       |       |    37 ||    37
Invok: Bend Time         |       |       |       |     9 ||     9
       Slouch            |       |       |       |     1 ||     1
  Use: Scroll            |       |       |    10 |    15 ||    25
       Potion            |       |       |     2 |     4 ||     6
 Stab: Sleeping          |     7 |     2 |     4 |     8 ||    21
       Distracted        |       |       |     2 |     1 ||     3
       Invisible         |       |       |       |     3 ||     3
  Eat: Chunk             |     1 |     7 |    13 |    19 ||    40
       Pizza             |       |       |     2 |       ||     2
       Beef jerky        |       |       |       |     2 ||     2
       Meat ration       |       |       |       |     2 ||     2
       Royal jelly       |       |       |       |     1 ||     1
